 Dungeon Crawl Stone Soup version 0.20.1-1-g8b1a95d (webtiles) character file.

536 RicketyTrickster the Cutter (level 7, -2/66 HPs)
             Began as a Kobold Berserker on July 3, 2017.
             Was a Priest of Trog.
             Slain by a sky beast (6 damage)
             ... on level 4 of the Dungeon.
             The game lasted 00:17:35 (3652 turns).

RicketyTrickster the Cutter (Kobold Berserker)      Turns: 3652, Time: 00:17:35

Health: -2/66      AC: 13    Str: 22    XL:     7   Next: 50%
Magic:  7/7        EV: 12    Int:  8    God:    Trog [***...]
Gold:   189        SH:  0    Dex: 14    Spells: 6/6 levels left

rFire    . . .     SeeInvis .   a - +0 short sword
rCold    . . .     Gourm    .   (shield restricted)
rNeg     . . .     Faith    .   m - +0 chain mail
rPois    .         Spirit   .   v - +0 helmet
rElec    .         Reflect  .   (no cloak)
rCorr    +         Harm     .   o - +1 pair of gloves
MR       .....                  n - +0 pair of boots
Stlth    ..........             (no amulet)
Regen    0.3/turn               p - ring of resist corrosion
MPRegen  0.1/turn               (no ring)

@: berserking, very quick
A: carnivore 3
a: Berserk, Trog's Hand, Burn Spellbooks, Renounce Religion


You were on level 4 of the Dungeon.
You worshipped Trog.
Trog was most pleased with you.
You were full.

You visited 2 branches of the dungeon, and saw 6 of its levels.

You collected 189 gold pieces.

Inventory:

Hand Weapons
 a - a +0 short sword (weapon)
 h - a +3 scythe of venom
 z - a +3 quarterstaff of chaos
Armour
 m - a +0 chain mail (worn)
 n - a +0 pair of boots (worn)
 o - a +1 pair of gloves (worn)
 v - a +0 helmet (worn)
Jewellery
 p - a ring of resist corrosion (left hand)
Wands
 y - a wand of polymorph (10/24)
Scrolls
 b - 3 scrolls of noise {unknown}
 d - 2 scrolls of fear {unknown}
 g - 5 scrolls of teleportation {unknown}
 k - 6 scrolls of identify {unknown}
 r - 2 scrolls of remove curse {unknown}
 s - a scroll of immolation {unknown}
 w - a scroll of enchant armour {unknown}
 x - a scroll of magic mapping {unknown}
Potions
 e - a potion of agility {unknown}
 f - a potion of brilliance {unknown}
 i - 3 potions of flight {unknown}
 l - 2 potions of lignification {unknown}
 t - 2 potions of mutation {unknown}
 u - a potion of haste {unknown}
Comestibles
 c - 2 meat rations
 j - 6 bread rations
 q - a royal jelly


   Skills:
 * Level 5.0 Fighting
 * Level 6.3 Short Blades
 * Level 3.2 Armour
 * Level 4.7 Dodging
 + Level 2.8 Stealth


You had 6 spell levels left.
You didn't know any spells.

Dungeon Overview and Level Annotations

Branches:
Dungeon (5/15)             Temple (1/1) D:4

Altars:
Ashenzari
Cheibriados
Dithmenos
Elyvilon
Fedhas
Hepliaklqana
Kikubaaqudgha
Makhleb
Qazlal
Ru
Sif Muna
Trog
Uskayaw
Vehumet
Yredelemnul
Zin
The Shining One


Innate Abilities, Weirdness & Mutations

You are small and have problems with some larger weapons.
You are carnivorous and can eat meat at any time.


Message History

Something hits you but does no damage. Something hits you.
Something shocks you.
* * * LOW HITPOINT WARNING * * *
There is an escape hatch in the ceiling here.
Something hits you but does no damage. A mysterious force pulls you upwards.
The hatch slams shut behind you.
You start resting.
Something hits you but does no damage.
You start resting.
Something hits you but does no damage. Something hits you.
* * * LOW HITPOINT WARNING * * *
Something shocks you.
* * * LOW HITPOINT WARNING * * *
A red film seems to cover your vision as you go berserk!
You feel yourself moving faster!
You feel mighty! Something hits you but does no damage.
You feel a strong urge to attack something.
Something hits you.
* * * LOW HITPOINT WARNING * * *
Something shocks you.
You die...

####.........#...##..............
.......<.....#...##........##....
.............'....#........##....
.............#....#..............
....###)######....###############
....#.......##...##
....#.......##...##
....#.....>.#.....# ##### ♣♣#
....#.......#...@.# #)..#♣♣ ♣♣..
....#.......#.....# #..['.♣♣♣♣...
....#.......#.....# #...#♣..♣.PP.
....#.......#.....# #####♣♣♣.♣...
....#....##.##..### ♣♣♣♣♣#
#'#####'###.#######
....#....#........###############
....'....#.............+.........
....#....#......<......#.........


There were no monsters in sight!

Vanquished Creatures
  Sigmund (D:2)
  An ogre (D:4)
  A hound (D:4)
  Crazy Yiuf (D:4)
  2 orc wizards (D:4)
  2 worker ants
  3 adders
  An ooze (D:2)
  5 worms
  3 dart slugs
  6 leopard geckos
  An orc (D:4)
  A ball python (D:1)
  3 giant cockroaches
  7 hobgoblins
  4 jackals (D:1)
  A quokka (D:3)
  12 bats
  3 frilled lizards
  6 goblins
  8 kobolds
  10 rats
82 creatures vanquished.

Notes
Turn   | Place    | Note
-------+----------+-------------------------------------------
     0 | D:1      | RicketyTrickster the Kobold Berserker began the quest for the Orb.
     0 | D:1      | Reached XP level 1. HP: 14/14 MP: 1/1
   145 | D:1      | Reached XP level 2. HP: 19/19 MP: 2/2
   389 | D:1      | Reached XP level 3. HP: 22/23 MP: 3/3
   544 | D:1      | Reached ** piety under Trog
   680 | D:2      | Noticed Sigmund
   685 | D:2      | Killed Sigmund
   685 | D:2      | Reached skill level 5 in Short Blades
   685 | D:2      | Reached skill level 1 in Stealth
   685 | D:2      | Reached XP level 4. HP: 30/30 MP: 4/4
   685 | D:2      | Reached XP level 5. HP: 34/34 MP: 5/5
   688 | D:2      | Reached XP level 6. HP: 32/39 MP: 6/6
  1125 | D:2      | Found a deep blue altar of Sif Muna.
  1182 | D:2      | Found a blossoming altar of Fedhas.
  2501 | D:4      | Found a runed door.
  2570 | D:4      | Found a staircase to the Ecumenical Temple.
  2576 | Temple   | Entered the Ecumenical Temple
  2712 | D:4      | Noticed an ogre
  2718 | D:4      | Killed an ogre
  2718 | D:4      | Reached skill level 6 in Short Blades
  2718 | D:4      | Reached XP level 7. HP: 44/44 MP: 7/7
  2832 | D:4      | Reached *** piety under Trog
  2880 | D:4      | Found a white marble altar of Elyvilon.
  2880 | D:4      | Found a hazy altar of Hepliaklqana.
  3132 | D:4      | Reached skill level 5 in Fighting
  3392 | D:4      | Noticed Crazy Yiuf
  3409 | D:4      | Killed Crazy Yiuf
  3566 | D:5      | Entered Level 5 of the Dungeon
  3652 | D:4      | Slain by a sky beast

Skill      XL: |  1  2  3  4  5  6  7 |
---------------+----------------------+-----
Fighting       | 4 5 |  5.0
Short Blades   | 5 6 |  6.3
Armour         | 2 3 |  3.2
Dodging        | 3 4 |  4.7
Stealth        | 1 2 |  2.8

Action                   |  1- 3 |  4- 6 |  7- 9 || total
-------------------------+-------+-------+-------++-------
Melee: Short sword       |    77 |   221 |    82 ||   380
Invok: Berserk           |     2 |     1 |     2 ||     5
  Eat: Chunk             |     9 |     7 |     4 ||    20
Armor: Animal skin       |     8 |       |       ||     8
       Chain mail        |     5 |   123 |    35 ||   163
Dodge: Dodged            |    48 |   153 |    32 ||   233
